montu, chaotic male human Wizard -------------- -- .......|.@.|.| |. .---.|.|.|V|.|----. |.---.---.---.---.- .....|.|.|...|.....|.... |.....|...|...|..... ----.|.|.|--.|...|.|.--- -----------.|.---.-. .|.......|...%...|.|.| |.............|...|... .|--.----|.......---.-----.-.-----------.|.-- ..|.|...............|...|.........|.|... ..|.|.---.......--------|.^.......|.---. ..|.|...|*......| |.....%.[..<....|...|. ..|.|.---...---.--|.----|.........|.|.|- ..|...|...........|.|...|....^....|.|.| -------.-...-----.|.|.|.|----------.|.|- ..|.........| |...|.|.|.|.....|.....|.|. -.|.------- ---.|.|.|.|.---.------|. ..|...| |...|.|...|.........|. ---.--- |.*.|.|--.|--------... |%[...|...| ----------- montu the Thaumaturge Experience level: 6 Strength: 10 Dexterity: 8 Constitution: 18 Intelligence: 18 Wisdom: 12 Charisma: 12 Health: 0(70) Energy: 2(51) Def: 1 Gold: 116 Moves: 5859 Dungeon seed: zjktZFzUVqZjnn5t Game ID: montu_1704329851 Your Inventory: Coins $ - 116 gold pieces Weapons a - a blessed +1 quarterstaff (weapon in hands) Armor e - an uncursed +0 cloak of magic resistance (being worn) n - an uncursed +0 alchemy smock o - an uncursed +0 pair of iron shoes of clairvoyance (being worn) v - an uncursed +0 helm of brilliance (being worn) Y - a cursed -4 pair of gauntlets of fumbling (being worn) Comestibles g - an uncursed partly eaten food ration S - an uncursed lizard corpse V - 5 uncursed food rations Scrolls k - an uncursed scroll of teleportation t - a blessed scroll of identify C - an uncursed scroll of identify Spellbooks D - an uncursed spellbook of jumping Potions s - an uncursed potion of water I - a potion of holy water Rings x - a cursed -3 ring of increase accuracy J - an uncursed ring of warning Wands c - an uncursed wand of striking (0:1) i - an uncursed wand of light (0:11) l - an uncursed wand of striking (0:0) u - a cursed wand of speed monster (0:4) B - an uncursed wand of secret door detection (0:15) Tools b - an uncursed sack h - an uncursed tin whistle j - an uncursed lock pick m - 6 blessed tallow candles (0:200) p - 4 uncursed wax candles (0:400) E - an uncursed towel F - an uncursed skeleton key N - 18 uncursed tallow candles (0:200) R - an uncursed mirror T - an uncursed blindfold U - an uncursed lock pick Gems d - an uncursed jade stone q - 3 uncursed worthless pieces of yellowish brown glass r - 2 uncursed worthless pieces of blue glass w - an uncursed aquamarine stone y - 2 uncursed worthless pieces of yellow glass z - 2 uncursed amethyst stones A - an uncursed agate stone G - an uncursed ruby K - 2 uncursed emeralds W - an uncursed worthless piece of green glass X - an uncursed worthless piece of white glass Contents of the sack: 3642 gold pieces a blessed scroll of recall Spells and supernatural/magical abilities: Name Level Category Cost Memory a - force bolt 1 attack 5pw 91% h - healing 1 healing 12pw 100% j - jumping 1 escape 12pw 91% m - magic missile 2 attack 10pw 91% H - speed monster 3 escape 37pw 91% W - pray for help -- divine ? -- Your skills at the end: Fighting Skills wands [Basic] Weapon Skills quarterstaff [Basic] Spellcasting Skills attack spells [Expert] enchantment spells [Basic] Final Attributes: You were piously aligned. You were poison resistant. You were magic resistant. You fumbled. You saw invisible. You were clairvoyant. You last prayed 108 turns ago. Anhur was slightly pleased with you. You are dead. Vanquished creatures: a shopkeeper an ettin mummy a large cat an elf mummy a chameleon a cockatrice a leprechaun 2 giant spiders 2 gnome kings a dwarf mummy a lizard 2 chickatrices a dog a jaguar 2 dwarf lords 2 gnome mummies 3 apes an orc shaman 2 rock moles a pony a yellow light a shrieker 16 gnome lords 5 gnomish wizards 4 kobold mummies a black naga hatchling a guardian naga hatchling an elf zombie a straw golem 3 giant ants 2 floating eyes 2 kittens 13 dwarves 2 kobold lords 2 kobold shamans 4 rothes 2 centipedes a giant bat 6 orc zombies 2 dwarf zombies 6 killer bees 5 coyotes a gas spore 5 hobbits a hobgoblin a yellow mold 46 gnomes 5 garter snakes 2 gnome zombies a gecko 6 jackals a fox 3 kobolds 2 goblins 5 grid bugs a bat a lichen 2 kobold zombies 4 newts 196 creatures vanquished. Voluntary challenges: You used a wielded weapon 162 times, starting on turn 406. You read items or engraved 2 times, starting on turn 5783. You never genocided any monsters. You never polymorphed an object. You never changed form. You used no wishes. You never split a pudding. You never wrote Elbereth's name. You violated your moral code, losing 27 points of alignment, starting on turn 3435. Dungeon overview: The Dungeons of Doom: levels 1 to 2 Level 1 a vault a long staircase Level 2 a fountain stairs to The Gnomish Mines The Gnomish Mines: levels 3 to 10 Level 3 stairs to The Dungeons of Doom Level 4 Level 5 many shops, a temple to Anhur, some fountains Level 6 Level 7 Level 8 Level 9 Level 10 <- You were here History has recorded: On T:1 you entered the Dungeons of Doom to retrieve the Amulet of Yendor! On T:359 you reached level 2 of The Dungeons of Doom. On T:696 you advanced to experience level 2. On T:959 you advanced to experience level 3. On T:999 you reached level 1 of The Gnomish Mines. On T:1074 you advanced to experience level 4. On T:1217 you reached level 2 of The Gnomish Mines. On T:1271 you advanced to experience level 5. On T:1711 you reached level 3 of The Gnomish Mines. On T:1796 you advanced to experience level 6. On T:2448 you reached level 4 of The Gnomish Mines. On T:2921 you advanced to experience level 7. On T:3240 you reached level 5 of The Gnomish Mines. On T:4247 you advanced to experience level 8. On T:4345 you reached level 6 of The Gnomish Mines. On T:5345 you reached level 7 of The Gnomish Mines. On T:5733 you reached level 8 of The Gnomish Mines. Score breakdown: Gold: 3758 (12161 points) Experience: 6 levels (12456 points) Exploration: 10 levels ( 20.83%) (13127 points) Discoveries: 10 items ( 3.36%) ( 5495 points) Valuables value: (no points given unless you survive) Artifact value: 0 ( 0 points) Variety of kills: 59 monsters ( 15.53%) (11821 points) Turncount: 5859 turns (-1588 points) Survival: died (score multiplied by 80%) Total score: 42777 Latest messages: The wand hits the vampire! The vampire resists! The vampire hits! The vampire bites! Goodbye level 7. The wand hits the vampire! The vampire resists! The vampire hits! The vampire bites! The wand hits the vampire! The vampire hits! The vampire bites! The wand hits the vampire! The vampire resists! The vampire hits! The vampire bites! You die... Final status: Goodbye montu the Wizard, killed by a vampire... You died in The Gnomish Mines on dungeon level 10 with 42777 points, and 3758 pieces of gold, after 5859 moves. You were level 6 with a maximum of 70 hit points when you died.